 Dungeon Crawl Stone Soup version 0.19-b1-1-g9a3527e (webtiles) character file.

571 Monkfish the Cutter (level 7, -4/66 HPs)
             Began as a Kobold Berserker on Oct 27, 2016.
             Was a Priest of Trog.
             Killed from afar by Blork the orc (5 damage)
             ... with a magic dart
             ... on level 6 of the Dungeon.
             The game lasted 00:06:21 (3598 turns).

Monkfish the Cutter (Kobold Berserker)              Turns: 3598, Time: 00:06:21

Health: -4/66      AC:  4    Str: 19    XL:     7   Next: 60%
Magic:  7/7        EV: 17    Int:  6    God:    Trog [***...]
Gold:   196        SH:  0    Dex: 17    Spells: 0 memorised, 6 levels left

rFire  . . .     SeeInvis +     k - +0 short sword (venom)
rCold  . . .     Gourm    .     b - +1 animal skin
rNeg   . . .     Faith    .     (shield restricted)
rPois  .         Spirit   .     (no helmet)
rElec  .         Reflect  .     e - +0 cloak (curse)
rCorr  .         Harm     .     (no gloves)
MR     .....     Clarity  +     (no boots)
Stlth  ..........               (no amulet)
                                (no ring)
                                i - ring of see invisible

@: berserking, very quick
A: blurry vision 1, carnivore 3, clarity, dopey 1
a: Berserk, Trog's Hand, Burn Spellbooks, Renounce Religion


You were on level 6 of the Dungeon.
You worshipped Trog.
Trog was most pleased with you.
You were very full.

You visited 1 branch of the dungeon, and saw 6 of its levels.

You collected 196 gold pieces.

Inventory:

Hand Weapons
 k - a +0 short sword of venom (weapon)
Armour
 b - a +1 animal skin (worn)
 e - a cursed +0 cloak (worn)
 l - a +0 leather armour
Jewellery
 f - an uncursed ring of stealth {unknown}
 i - a ring of see invisible (left hand)
 n - a +2 ring of intelligence {unknown}
 s - a cursed amulet of inaccuracy {unknown}
Scrolls
 d - 2 scrolls of fear
 j - 2 scrolls of enchant armour
 p - 3 scrolls of identify
Potions
 h - 2 potions of curing
 m - a potion of magic
Comestibles
 c - a meat ration
 g - a royal jelly
 o - a beef jerky


   Skills:
 + Level 4.7 Fighting
 + Level 6.7 Short Blades
 - Level 1.5 Armour
 + Level 4.5 Dodging
 * Level 6.3 Stealth


You had 6 spell levels left.
You didn't know any spells.

Dungeon Overview and Level Annotations

Branches:
Dungeon (6/15)
 Temple: D:4-7

Altars:
Cheibriados
Okawaru
The Shining One

Annotations:
D:5 kraktruk's ghost, novice DrMo
D:6 Blork the orc


Innate Abilities, Weirdness & Mutations

You are small and have problems with some larger weapons.
You are carnivorous and can eat meat at any time.
Scrolls take you a little longer to read.
You possess an exceptional clarity of mind.
You are dopey. (Int -2)


Message History

The centaur shoots an arrow.
The arrow hits you!
You see here 2 arrows.
The centaur unwields an uncursed shortbow.
The centaur barely misses you.
You see here an arrow.
The centaur wields an uncursed shortbow.
The centaur shoots an arrow.
The arrow closely misses you.
You see here an arrow.
The centaur shoots an arrow.
The arrow hits you!!
* * * LOW HITPOINT WARNING * * *
You see here an arrow.
A red film seems to cover your vision as you go berserk!
You feel yourself moving faster!
You feel mighty!
You feel a lot less full.
The centaur shoots an arrow.
The arrow hits you!
* * * LOW HITPOINT WARNING * * *
The centaur shoots an arrow.
The arrow misses you.
You feel a strong urge to attack something.
Blork the orc gestures at you while chanting.
The magic dart hits you!
You die...

.... .#..#
....##### .#..#
c.......#..#..#
..c#..#. #..#
..... #..#
#..##.#..#
#.c.o.#.†#
##o####<.#
#@#####.#
#.(.....#
#########


You could see Blork the orc and 2 centaurs.

Vanquished Creatures
  A howler monkey (D:4)
  5 orc wizards
  A centaur skeleton (D:4)
  2 hounds (D:4)
  An iguana (D:6)
  3 worker ants (D:4)
  3 gnolls (D:4)
  4 adders (D:3)
  2 oozes (D:2)
  3 worms
  12 dart slugs
  A leopard gecko (D:4)
  11 orcs
  4 giant cockroaches
  7 goblins
  4 hobgoblins
  14 jackals
  2 quokkas
  A ball python (D:2)
  12 bats
  2 frilled lizards
  A jackal skeleton (D:4)
  10 kobolds
  8 rats
114 creatures vanquished.

Notes
Turn   | Place    | Note
-------+----------+-------------------------------------------
     0 | D:1      | Monkfish the Kobold Berserker began the quest for the Orb.
     0 | D:1      | Reached XP level 1. HP: 14/14 MP: 1/1
   131 | D:1      | Reached skill level 1 in Stealth
   133 | D:1      | Reached XP level 2. HP: 12/19 MP: 2/2
   409 | D:1      | Reached XP level 3. HP: 22/24 MP: 3/3
   494 | D:1      | Reached ** piety under Trog
   522 | D:1      | Gained mutation: You are dopey. (Int -2) [potion of mutation]
   522 | D:1      | Gained mutation: Scrolls take you a little longer to read. [potion of mutation]
   522 | D:1      | Gained mutation: You possess an exceptional clarity of mind. [potion of mutation]
  1296 | D:2      | Found a snail-covered altar of Cheibriados.
  1300 | D:2      | Found a glowing golden altar of the Shining One.
  1303 | D:2      | Found an iron altar of Okawaru.
  1379 | D:2      | Reached XP level 4. HP: 29/29 MP: 4/4
  1764 | D:3      | Reached *** piety under Trog
  1911 | D:3      | Reached XP level 5. HP: 31/33 MP: 5/5
  2208 | D:3      | Reached skill level 5 in Short Blades
  2246 | D:4      | Reached skill level 5 in Stealth
  2246 | D:4      | Reached XP level 6. HP: 21/38 MP: 6/6
  2250 | D:4      | Received a gift from Trog
  3070 | D:4      | Reached XP level 7. HP: 31/43 MP: 7/7
  3479 | D:5      | Entered Level 5 of the Dungeon
  3519 | D:5      | Noticed kraktruk's ghost (novice DrMo)
  3592 | D:6      | Noticed Blork the orc
  3597 | D:6      | HP: 1/66 [centaur/arrow (7)]
  3598 | D:6      | Killed from afar by Blork the orc

Skill      XL: |  1  2  3  4  5  6  7 |
---------------+----------------------+-----
Stealth        | 1 2 3 5 6 |  6.3
Dodging        | 3 4 |  4.5
Short Blades   | 5 6 |  6.7
Fighting       | 4 |  4.7
Armour         | |  1.5

Action                   |  1- 3 |  4- 6 |  7- 9 || total
-------------------------+-------+-------+-------++-------
Melee: Short sword       |   137 |   167 |    62 ||   366
Invok: Berserk           |     1 |     3 |     4 ||     8
       Trog's Hand       |       |     1 |     1 ||     2
  Use: Potion            |     3 |     4 |     1 ||     8
       Scroll            |     2 |     4 |     1 ||     7
 Stab: Sleeping          |     6 |     9 |     3 ||    18
  Eat: Chunk             |     6 |    11 |     7 ||    24
Armor: Animal skin       |    33 |    27 |    10 ||    70
Dodge: Dodged            |   113 |   129 |    61 ||   303
